[Event "*** Qualifier 3: Titled Tuesday 3|2 Blitz"]
[Site "Chess.com"]
[Date "2017.04.18"]
[Round "5"]
[White "Keranke"]
[Black "GMMarcinDziuba"]
[Result "1-0"]
[WhiteElo "2629"]
[BlackElo "2532"]
[TimeControl "180+2"]
[EndTime "14:05:57 PDT"]
[Termination "Keranke won by resignation"]

1. d4 Nf6 2. Nf3 d5 3. Bf4 c6 4. e3 Bf5 5. c4 e6 6. Nc3 Nbd7 7. Qb3 Qc8 8. h3 Be7 9. Be2 Ne4 10. O-O O-O 11. Rac1 Nxc3 12. bxc3 a5 13. cxd5 a4 14. Qd1 exd5 15. c4 Ba3 16. Nh4 Be4 17. f3 Bxc1 18. fxe4 Bb2 19. exd5 cxd5 20. Nf5 Qe8 21.
cxd5 g6 22. Nd6 Qe7 23. Nc4 Ba3 24. d6 Qe6 25. d5 Qf6 26. Nxa3 Qb2 27. Nb5 Qxa2 28.
Nc7 Ra5 29. Bb5 Nb6 30. Qd4 Rxb5 31. Nxb5 Nxd5 32. Bh6 1-0

[Event "*** Qualifier 3: Titled Tuesday 3|2 Blitz"]
[Site "Chess.com"]
[Date "2017.04.18"]
[Round "5"]
[White "MartinMatthiesen"]
[Black "Wolverine_master"]
[Result "1-0"]
[WhiteElo "2221"]
[BlackElo "1959"]
[TimeControl "180+2"]
[EndTime "14:05:57 PDT"]
[Termination "MartinMatthiesen won by resignation"]

1. d4 Nf6 2. c4 c5 3. d5 b5 4.
cxb5 a6 5. bxa6 Bxa6 6. Nc3 d6 7. Nf3 g6 8. e4 Bxf1 9. Kxf1 Bg7 10. g3 Nbd7 11. Kg2 O-O 12. a4 Qb6 13. h3 Rfb8 14. Ra3 Ne8 15. Re1 Nc7 16. Qc2 Qb7 17. b3 Qb4 18. Re3 Ne5 19. Nxe5 Bxe5 20. Nd1 Bd4 21. Re2 Na6 22. Ne3 Bxe3 23. Rxe3 Rc8 24. Rc3 Qa5 25. Rc4 Nb4 26. Qd1 Kg7 27. Qd2 Qb6 28. e5 dxe5 29. Qh6+ Kg8 30. Rh4 e6 31. Bg5 f6 32. Qxh7+ Kf8 33. Bxf6 1-0

[Event "*** Qualifier 3: Titled Tuesday 3|2 Blitz"]
[Site "Chess.com"]
[Date "2017.04.18"]
[Round "5"]
[White "XDPS"]
[Black "Astaneh"]
[Result "1-0"]
[WhiteElo "2550"]
[BlackElo "2496"]
[TimeControl "180+2"]
[EndTime "14:06:12 PDT"]
[Termination "XDPS won by resignation"]

1. e4 e5 2. Nf3 Nc6 3. Bb5 Nf6 4.
O-O Nxe4 5. d4 Nd6 6. Bxc6 dxc6 7. dxe5 Nf5 8. Qxd8+ Kxd8 9. h3 h6 10. Nc3 Ne7 11. Rd1+ Ke8 12. b3 Ng6 13. Bb2 b6 14. Ne2 c5 15. Nc3 Bb7 16. Nd5 Bxd5 17. Rxd5 Nf4 18.
Rd2 Be7 19. Rad1 Rd8 20. Rxd8+ Bxd8 21. Nd2 h5 22. h4 Ne6 23. g3 g5 24. hxg5 Bxg5 25.
Ne4 h4 26. f4 Be7 27. f5 Nd4 28. Bxd4 cxd4 29. Kg2 hxg3 30. Kxg3 c5 31. Rf1 Rg8+ 32. Kf3 Rh8 33. a4 Rh3+ 34. Kg4 Re3 35. Kf4 Kd7 36. Rh1 Re2 37. Rh7 Rxc2 38. Rxf7 Ke8 39. e6 Rd2 40.
Nxd2 1-0

[Event "*** Qualifier 3: Titled Tuesday 3|2 Blitz"]
[Site "Chess.com"]
[Date "2017.04.18"]
[Round "5"]
[White "chesstatour"]
[Black "NMJeevanK"]
[Result "0-1"]
[WhiteElo "1951"]
[BlackElo "2129"]
[TimeControl "180+2"]
[EndTime "14:06:15 PDT"]
[Termination "NMJeevanK won on time"]

1. e4 e5 2. f4 d5 3. exd5 exf4 4.
Nf3 Nf6 5. Nc3 c6 6. dxc6 Nxc6 7. Bb5 Be7 8. O-O O-O 9. Kh1 Bf5 10. d3 Rc8 11. Bxf4 Bg4 12. Bxc6 Rxc6 13. Qe1 Bb4 14. Bd2 Re8 15. Qh4 Qa5 16. Bg5 Bxf3 17.
Rxf3 Bxc3 18. bxc3 Qxc3 19. Raf1 Ree6 20. d4 Qxc2 21.
d5 Rc4 22. dxe6 Rxh4 23. exf7+ Kxf7 24. Bxh4 Qxa2 25. Bxf6 gxf6 26. Rxf6+ Ke7 27. h3 a5 28. R6f2 Qc4 29. Re1+ Kd6 30. Rf6+ Kc7 31. Re7+ Kb8 32. Rff7 Qb3 33. Rxh7 a4 0-1

[Event "*** Qualifier 3: Titled Tuesday 3|2 Blitz"]
[Site "Chess.com"]
[Date "2017.04.18"]
[Round "5"]
[White "Robin-Side"]
[Black "aRk_iN"]
[Result "0-1"]
[WhiteElo "2295"]
[BlackElo "2081"]
[TimeControl "180+2"]
[EndTime "14:06:16 PDT"]
[Termination "aRk_iN won by resignation"]

1. e4 c5 2. Nf3 e6 3. d4 cxd4 4.
Nxd4 Nc6 5. Nc3 Qc7 6. Be2 a6 7. O-O b5 8. a3 Bb7 9. Be3 Nf6 10.
Nxc6 dxc6 11. f4 c5 12. e5 Nd7 13. Bf3 Be7 14. Qe1 O-O 15. Rd1 c4 16. Ne4 Nc5 17.
Nxc5 Bxc5 18. Qf2 Bxf3 19. Qxf3 Rad8 20. Qf2 Bxe3 21. Qxe3 Rd7 22. Rxd7 Qxd7 23. Qb6 g6 24. c3 Ra8 25. h4 h5 26. Qe3 Rd8 27. Qb6 Qd2 28. Rf2 Qe1+ 29. Kh2 Rd1 30. Qb8+ Kg7 31. Qb6 Qg1+ 32. Kh3 Rd3+ 33. Rf3 Qxb6 0-1

[Event "*** Qualifier 3: Titled Tuesday 3|2 Blitz"]
[Site "Chess.com"]
[Date "2017.04.18"]
[Round "5"]
[White "aa175"]
[Black "rithwik2002"]
[Result "0-1"]
[WhiteElo "1834"]
[BlackElo "1793"]
[TimeControl "180+2"]
[EndTime "14:06:17 PDT"]
[Termination "rithwik2002 won by checkmate"]

1. e4 d5 2. exd5 Qxd5 3. Nc3 Qd8 4. Nf3 Nf6 5. d4 a6 6. Bf4 e6 7. h3 b5 8. Bd3 Bb7 9. O-O Be7 10.
a3 O-O 11. Qe2 Nbd7 12. Rad1 Qc8 13. Ne5 c5 14. Ne4 c4 15. Nxd7 Nxd7 16. Bd6 cxd3 17.
Qxd3 Bxd6 18. Nxd6 Qc6 19. Nxb7 Qxb7 20. d5 exd5 21. Qxd5 Qxd5 22. Rxd5 Nf6 23. Rd6 Rfd8 24. Rc6 Rdc8 25. Rxc8+ Rxc8 26. c3 Kf8 27. Re1 Re8 28.
Kf1 Rxe1+ 29. Kxe1 Ke7 30. Ke2 Kd6 31. Ke3 Kc5 32. Kd3 a5 33. b4+ axb4 34. axb4+ Kd5 35. f4 Ne4 36. h4 f5 37. g3 Nxg3 38. c4+ bxc4+ 39.
Kc3 Ne4+ 40. Kc2 Nd6 41. b5 Nxb5 42. Kd2 Nd4 43. Kc3 Ne2+ 44. Kb4 Nxf4 45. Kc3 Ne6 46. Kc2 f4 47. Kd2 f3 48. Ke1 c3 49. Kd1 f2 50.
Ke2 c2 51. Kxf2 c1=Q 52. Kf3 Qf4+ 53. Kg2 Nd4 54. Kh3 Qf3+ 55. Kh2 Ne2 56. h5 Qg3+ 57.
Kh1 Qg1# 0-1

[Event "*** Qualifier 3: Titled Tuesday 3|2 Blitz"]
[Site "Chess.com"]
[Date "2017.04.18"]
[Round "5"]
[White "Cryptochess"]
[Black "Kacparov"]
[Result "1-0"]
[WhiteElo "2477"]
[BlackElo "2598"]
[TimeControl "180+2"]
[EndTime "14:06:23 PDT"]
[Termination "Cryptochess won by resignation"]

1. e4 d6 2. d4 g6 3. Nc3 Bg7 4. f4 a6 5. Be2 b5 6. Bf3 Bb7 7. e5 Qc8 8. Be3 e6 9. Ne4 Bxe4 10.
Bxe4 d5 11. Bd3 Nd7 12. Nf3 c5 13. dxc5 Nxc5 14. O-O Ne7 15. Bf2 O-O 16. Qe2 Qc7 17. Nd4 Rfc8 18. g4 Nxd3 19. cxd3 Nc6 20. Nb3 g5 21. d4 gxf4 22. Rac1 Qe7 23. Qf3 f6 24.
Bh4 Qa7 25. Rxc6 Rxc6 26. exf6 Bf8 27. Qxf4 Qf7 28. Qg5+ Qg6 29. f7+ Kg7 30. Qe5+ Kh6 31. Rf6 1-0

[Event "*** Qualifier 3: Titled Tuesday 3|2 Blitz"]
[Site "Chess.com"]
[Date "2017.04.18"]
[Round "5"]
[White "Saitama_Hero"]
[Black "ABDELAZEEZ-M"]
[Result "1-0"]
[WhiteElo "2173"]
[BlackElo "2126"]
[TimeControl "180+2"]
[EndTime "14:06:23 PDT"]
[Termination "Saitama_Hero won by resignation"]

1. c4 c5 2. g3 Nc6 3. Bg2 g6 4.
Nc3 Bg7 5. Nf3 a6 6. O-O Rb8 7. e3 b5 8. d4 b4 9. Na4 cxd4 10. exd4 d6 11. h3 Bd7 12. Re1 Nh6 13. d5 Na5 14. c5 O-O 15. c6 Nxc6 16. dxc6 Bxc6 17. Bg5 Qa5 18. b3 Bxf3 19. Qd2 Bxg2 20. Kxg2 Nf5 21. g4 Nd4 22. Bxe7 Rfe8 23. Qd3 Qd5+ 24. f3 Be5 25.
Bh4 Rbc8 26. Rad1 Rc3 27. Nxc3 bxc3 28. Bf2 c2 29. Rc1 Rc8 30. Bxd4 Bxd4 31. Rxc2 Rxc2+ 32.
Qxc2 Be5 33. Rd1 Qa5 34. a4 Qb4 35. Qc4 Qa3 36. Rd2 Qc1 37. Qxc1 1-0

[Event "*** Qualifier 3: Titled Tuesday 3|2 Blitz"]
[Site "Chess.com"]
[Date "2017.04.18"]
[Round "5"]
[White "alekroth64"]
[Black "agapov771"]
[Result "0-1"]
[WhiteElo "2260"]
[BlackElo "2433"]
[TimeControl "180+2"]
[EndTime "14:06:25 PDT"]
[Termination "agapov771 won by resignation"]

1. d4 Nf6 2. c4 c6 3. Nc3 d5 4.
Nf3 dxc4 5. a4 e5 6. Nxe5 Bb4 7.
Nxc4 Be6 8. e3 O-O 9. Be2 Qe7 10. O-O c5 11. Ne5 Rd8 12. Bf3 Na6 13. Qe2 cxd4 14. exd4 Rxd4 15. Nb5 Rdd8 16. Be3 Nc5 17. Bg5 h6 18.
Bxf6 Qxf6 19. Nc7 Rac8 20. Nxe6 Qxe6 21. Qb5 a5 22. Nc4 Nb3 23. Rad1 Rxd1 24. Rxd1 Qxc4 25. Rd8+ Kh7 26. Qf5+ g6 27. Qxc8 Bc5 28. Rh8+ Kg7 29. Qg8+ Kf6 30. h4 Nd4 31. Qd8+ Be7 32. Qb8 Qc1+ 33.
Kh2 Qd2 34. Re8 Nxf3+ 35. gxf3 Bd6+ 0-1

[Event "*** Qualifier 3: Titled Tuesday 3|2 Blitz"]
[Site "Chess.com"]
[Date "2017.04.18"]
[Round "5"]
[White "ChessQueen"]
[Black "kikydu96"]
[Result "1-0"]
[WhiteElo "2521"]
[BlackElo "2351"]
[TimeControl "180+2"]
[EndTime "14:06:39 PDT"]
[Termination "ChessQueen won by checkmate"]

1. e4 e5 2. Nf3 Nc6 3. Bb5 Nf6 4. O-O Nxe4 5. d4 Nd6 6. Bxc6 dxc6 7. dxe5 Nf5 8.
Qxd8+ Kxd8 9. Rd1+ Ke8 10. Nc3 h6 11. Ne4 Be6 12. b3 Be7 13. h3 Rd8 14. Bb2 Bd5 15.
Re1 b6 16. g4 Nh4 17. Nf6+ gxf6 18. Nxh4 fxe5 19. Bxe5 Rg8 20. Nf5 Be6 21. Ng7+ Kd7 22. Nxe6 fxe6 23. Bg3 Bd6 24. Kg2 Bxg3 25. Kxg3 Ke7 26.
Re2 Rd6 27. Rae1 Kf6 28. h4 Re8 29. f4 Rd5 30. h5 c5 31. Kh4 Rd4 32. Re4 Rd5 33.
R1e2 Re7 34. Rf2 Rd4 35. g5+ Kf5 36. Re5# 1-0

[Event "*** Qualifier 3: Titled Tuesday 3|2 Blitz"]
[Site "Chess.com"]
[Date "2017.04.18"]
[Round "5"]
[White "stefanodinn"]
[Black "sorito"]
[Result "0-1"]
[WhiteElo "2191"]
[BlackElo "2412"]
[TimeControl "180+2"]
[EndTime "14:06:52 PDT"]
[Termination "sorito won on time"]

1. e4 e6 2. d4 d5 3. Nd2 Nf6 4.
e5 Ne4 5. Bd3 Nxd2 6. Bxd2 c5 7.
dxc5 Nd7 8. Nf3 Nxc5 9. Be2 Be7 10. O-O O-O 11. Be3 Bd7 12. c4 dxc4 13. Bxc4 Bc6 14. Qe2 a6 15. Nd4 Bd5 16. Rac1 Rc8 17. Rfd1 Bxc4 18.
Qxc4 Nd7 19. Qb3 Rxc1 20. Bxc1 Nc5 21. Qf3 Qb6 22. g3 Rd8 23. b3 Rd5 24. Be3 Qd8 25.
Kg2 g6 26. b4 Nd7 27. Rc1 Nxe5 28. Qe4 Bf6 29. Nf3 Nxf3 30. Qxf3 Be5 31. Bc5 h5 32. h4 Bg7 33. Be3 Qd7 34. Rc5 Rxc5 35. bxc5 Qd5 36. Qxd5 exd5 37. Kf3 Be5 38. Ke2 f5 39. Kd3 Kf7 40. Bd2 Ke6 41. Be3 Kd7 42. Bd4 Bc7 43. Be3 Kc6 44. Kd4 b5 0-1

[Event "*** Qualifier 3: Titled Tuesday 3|2 Blitz"]
[Site "Chess.com"]
[Date "2017.04.18"]
[Round "5"]
[White "Quiet_Desperation"]
[Black "prochn"]
[Result "1-0"]
[WhiteElo "2035"]
[BlackElo "2157"]
[TimeControl "180+2"]
[EndTime "14:06:56 PDT"]
[Termination "Quiet_Desperation won by resignation"]

1. e4 c6 2. d4 d5 3. exd5 cxd5 4. Bd3 Nc6 5. Ne2 g6 6. c3 Bg7 7.
h3 Nh6 8. O-O O-O 9. Nd2 f6 10.
Nf3 e5 11. dxe5 fxe5 12. Bb5 Nf7 13. Be3 Be6 14. Bc5 Re8 15. Re1 Qa5 16. Bxc6 bxc6 17. b4 Qc7 18. Ng3 e4 19. Nd4 Bd7 20. a4 Ne5 21.
Re3 Nc4 22. h4 Qf4 23. Re1 Qxh4 24. b5 cxb5 25. Nxb5 e3 26. Nc7 d4 27. Bxd4 exf2+ 28.
Bxf2 Rxe1+ 29. Qxe1 Rf8 30. Rd1 Qg4 31. Bd4 Bh6 32.
Nd5 Be6 33. Nf6+ Rxf6 34. Bxf6 Be3+ 35. Kh2 Qh4+ 36. Bxh4 1-0

[Event "*** Qualifier 3: Titled Tuesday 3|2 Blitz"]
[Site "Chess.com"]
[Date "2017.04.18"]
[Round "5"]
[White "Marcus_Harvey"]
[Black "Cayse"]
[Result "0-1"]
[WhiteElo "2518"]
[BlackElo "2635"]
[TimeControl "180+2"]
[EndTime "14:06:59 PDT"]
[Termination "Cayse won by resignation"]

1. Nf3 Nf6 2. b3 e6 3. Bb2 d5 4. e3 Be7 5. Be2 O-O 6. O-O c5 7.
c4 dxc4 8. bxc4 b6 9. d4 cxd4 10. exd4 Bb7 11. Nc3 Re8 12. Qb3 Nc6 13. Rfd1 Rc8 14.
a4 Na5 15. Qa2 Bxf3 16. gxf3 Nh5 17. Bf1 Nf4 18. Bc1 Ng6 19. d5 exd5 20. Nxd5 Bd6 21. Be3 Qh4 22. h3 Ne5 23. Bg2 Nexc4 24. Rd4 Qh5 25.
Rad1 Nxe3 26. Nxe3 Bc5 27. Rd5 Qg6 28. Nf5 Nc6 29. h4 Nb4 30. Qb3 Nxd5 31. Qxd5 Qf6 32. Bh3 Rcd8 33. Qb3 Rxd1+ 34. Qxd1 h5 35. Qd5 g6 36.
Qd7 Re1+ 37. Kg2 gxf5 0-1

[Event "*** Qualifier 3: Titled Tuesday 3|2 Blitz"]
[Site "Chess.com"]
[Date "2017.04.18"]
[Round "5"]
[White "proxy6"]
[Black "MaxLeto"]
[Result "1-0"]
[WhiteElo "2192"]
[BlackElo "2304"]
[TimeControl "180+2"]
[EndTime "14:07:03 PDT"]
[Termination "proxy6 won on time"]

1. e4 c5 2. Nf3 d6 3. d4 cxd4 4. Nxd4 Nf6 5. Nc3 a6 6. Be3 Ng4 7. Bg5 h6 8. Bh4 g5 9. Bg3 Bg7 10. Be2 Ne5 11. O-O Nbc6 12. Nb3 Ng6 13. f3 h5 14. Qd2 h4 15. Bf2 Nf4 16. Be3 Be5 17. Nd5 Nxd5 18. exd5 Nb8 19. Bxg5 Bxb2 20. Rab1 Bg7 21. Rfe1 Nd7 22. Bd3 Nf6 23. c4 Kf8 24.
Re2 b5 25. Rbe1 bxc4 26. Bxc4 Ra7 27. Kh1 Bf5 28. Nd4 Bd7 29. Rxe7 Qxe7 30. Rxe7 Kxe7 31. Qe3+ Kf8 32. Nf5 Bxf5 33. Qxa7 Kg8 34. Qb8+ Kh7 35. Qxd6 Kg6 36. Bf4 h3 37. g4 Bc2 38. g5 Re8 39. Kg1 Re1+ 40. Kf2 1-0

[Event "*** Qualifier 3: Titled Tuesday 3|2 Blitz"]
[Site "Chess.com"]
[Date "2017.04.18"]
[Round "5"]
[White "Spartakus1975"]
[Black "iturrizaga"]
[Result "0-1"]
[WhiteElo "2566"]
[BlackElo "2649"]
[TimeControl "180+2"]
[EndTime "14:07:06 PDT"]
[Termination "iturrizaga won by resignation"]

1. e4 c5 2. c3 Nf6 3. e5 Nd5 4. Nf3 g6 5. d4 cxd4 6. Qxd4 Nc7 7. Qh4 Nc6 8. Bh6 Bxh6 9. Qxh6 Ne6 10. Bc4 d5 11. exd6 Qxd6 12. Na3 Ne5 13. Bb5+ Bd7 14.
Bxd7+ Nxd7 15. O-O O-O-O 16. Rad1 Qc5 17. b4 Qc6 18. c4 Kb8 19. Rc1 Qd6 20. Qe3 Qxb4 21. Nb5 Qc5 22. Qb3 Nb6 23. a4 a6 24. a5 Nc8 25. Rfe1 axb5 26. cxb5 Qd5 27. Qb2 Nd6 28. a6 Qxb5 29. Qc3 Rc8 30. a7+ Ka8 31. Qe3 Rxc1 32. Rxc1 Rc8 33. Rxc8+ Nxc8 34. h3 Qb1+ 35. Kh2 Qb6 36. Qc3 Qc7+ 37. Qxc7 Nxc7 38. Ne5 Nd6 39. h4 Kxa7 40. g4 b5 41. Kg3 Kb6 42. Kf4 Ne6+ 43.
Ke3 Nc4+ 0-1

[Event "*** Qualifier 3: Titled Tuesday 3|2 Blitz"]
[Site "Chess.com"]
[Date "2017.04.18"]
[Round "5"]
[White "Iball95"]
[Black "Grebeniuk-S"]
[Result "0-1"]
[WhiteElo "2526"]
[BlackElo "2414"]
[TimeControl "180+2"]
[EndTime "14:07:06 PDT"]
[Termination "Grebeniuk-S won on time"]

1. e4 d5 2. exd5 Qxd5 3. Nc3 Qa5 4. d4 Nf6 5. Nf3 Bg4 6. h3 Bh5 7. g4 Bg6 8. Ne5 e6 9. Bg2 Be4 10. Bxe4 Nxe4 11. Qf3 Nd6 12. O-O f6 13. Nd3 Nc6 14.
Be3 O-O-O 15. a3 h5 16. b4 hxg4 17. hxg4 Qa6 18. Nc5 Qc4 19. b5 Nxb5 20. Nxb5 Bxc5 21. dxc5 Qxb5 22. Rfb1 Qc4 23. Rxb7 Kxb7 24. Rb1+ Kc8 25. Qxc6 Qd5 26. Qa6+ Kd7 27. Qb5+ Ke7 28. Kf1 Rb8 29. Qxb8 Rxb8 30. Rxb8 Qc4+ 31. Kg2 Qxg4+ 32. Kh2 Kd7 33. a4 Qxa4 34. Rg8 Qg4 35. c3 a5 36. Rb8 Kc6 37. Ra8 a4 38. Ra7 f5 39. Ra6+ Kd5 40. c6 f4 41.
Ra5+ Kxc6 42. Ra6+ Kb5 0-1

[Event "*** Qualifier 3: Titled Tuesday 3|2 Blitz"]
[Site "Chess.com"]
[Date "2017.04.18"]
[Round "5"]
[White "BogdanDeac"]
[Black "Paralinch"]
[Result "1-0"]
[WhiteElo "2536"]
[BlackElo "2677"]
[TimeControl "180+2"]
[EndTime "14:07:14 PDT"]
[Termination "BogdanDeac won by resignation"]

1. d4 d5 2. c4 dxc4 3. Nf3 Nf6 4.
e3 e6 5. Bxc4 c5 6. O-O a6 7.
dxc5 Bxc5 8. Qxd8+ Kxd8 9. Rd1+ Ke7 10. Nbd2 Rd8 11. Be2 Bd7 12. Nb3 Bb6 13. Ne5 Nc6 14.
Nxd7 Rxd7 15. Rxd7+ Nxd7 16. Bd2 Nde5 17. Bc3 f6 18.
Kf1 Rd8 19. Rd1 Rxd1+ 20. Bxd1 Nc4 21. Be2 Nd6 22. Bf3 Kd7 23. Ke2 Ba7 24. Kd3 b5 25. a3 Nf7 26. Kc2 Kc7 27. Na5 Nfe5 28. Nxc6 Nxc6 29. Kb3 Kd6 30. a4 bxa4+ 31. Kxa4 Kc7 32.
Be2 Kb7 33. Bc4 e5 34. Bg8 h6 35. Bd5 Kc7 36. g3 Bb6 37. Bc4 Kb7 38. Bd5 Kc7 39. Be4 Kb7 40. Kb3 Kc7 41. Bd3 Kb7 42. Kc4 a5 43.
Be4 Kc7 44. Kd5 Nd8 45. Bf5 Nf7 46. h4 Nd6 47. Bg4 Nf7 48. Ke6 Nd8+ 49. Ke7 Bc5+ 50. Ke8 Bb4 51. Bxb4 axb4 52. Kf8 Kd6 53. Kxg7 Ke7 54.
Kxh6 Nb7 55. Kg7 Nd6 56. h5 f5 57. Bh3 f4 58. exf4 exf4 59. g4 Ne4 60. h6 Nxf2 61.
h7 Nxh3 62. h8=Q 1-0

[Event "*** Qualifier 3: Titled Tuesday 3|2 Blitz"]
[Site "Chess.com"]
[Date "2017.04.18"]
[Round "5"]
[White "juniortay"]
[Black "CM_FM_IM_GM"]
[Result "0-1"]
[WhiteElo "2259"]
[BlackElo "2003"]
[TimeControl "180+2"]
[EndTime "14:07:19 PDT"]
[Termination "CM_FM_IM_GM won by resignation"]

1. e4 c6 2. Nf3 d5 3. exd5 cxd5 4.
Ne5 Nc6 5. d4 Nf6 6. Bb5 Qb6 7.
c4 a6 8. Qa4 Bd7 9. Nxd7 Kxd7 10. Be3 e6 11. Nc3 Be7 12. Bxc6+ Qxc6 13. cxd5 Nxd5 14. Qb3 Bb4 15. O-O Bxc3 16. Rac1 b5 17. bxc3 Qc4 18. Qa3 a5 19. Bd2 Rhc8 20. Rfe1 Qd3 21.
Qb2 Qc4 22. Qc2 b4 23. Qxh7 bxc3 24. Be3 Nxe3 25. Rxe3 Ke7 26. Qxg7 Rg8 27. Qe5 c2 28. d5 Rab8 29. d6+ Kd7 30. Qxa5 Qc6 31. g3 Rb1 32. Qa7+ Kxd6 33. Qa3+ Kd7 34. Ree1 Rxc1 35. Rxc1 Rc8 36. h4 Qd6 37. Kg2 Qxa3 0-1

[Event "*** Qualifier 3: Titled Tuesday 3|2 Blitz"]
[Site "Chess.com"]
[Date "2017.04.18"]
[Round "5"]
[White "woodhy"]
[Black "GrigorGrigorov"]
[Result "0-1"]
[WhiteElo "2318"]
[BlackElo "2479"]
[TimeControl "180+2"]
[EndTime "14:07:22 PDT"]
[Termination "GrigorGrigorov won by resignation"]

1. e4 g6 2. d4 Bg7 3. Nf3 d6 4. Nc3 Nf6 5. h3 O-O 6. Be3 c6 7. Qd2 Nbd7 8. Bd3 e5 9. Ne2 d5 10.
dxe5 Nxe4 11. Bxe4 dxe4 12. Ng5 Nxe5 13. Nxe4 Nc4 14.
Qxd8 Rxd8 15. Bg5 Re8 16. Nf6+ Bxf6 17. Bxf6 Bf5 18. Rc1 Re6 19. b3 Rae8 20. bxc4 Rxf6 21. Kf1 Rd6 22. Ng3 Bxc2 23. Kg1 Rd2 24. Kh2 Rxf2 25. Rhf1 Rxf1 26. Rxf1 Bd3 27. Rf4 c5 28. a3 f5 29.
h4 Kg7 30. Kg1 a6 31. Kf2 b5 32. cxb5 axb5 33. h5 c4 34. hxg6 hxg6 35. Rd4 Kf6 36.
Rd6+ Re6 37. Rd5 f4 38. Nh1 Re2+ 39. Kf3 Be4+ 40. Kxe2 Bxd5 41. Nf2 Bxg2 42. Nd1 Kf5 43. Nc3 Bc6 44. Kf2 g5 45. Ne2 Ke5 46. Ng1 g4 47. Ne2 g3+ 48. Ke1 Ke4 49. Kd2 g2 50. Kc3 Ke3 51.
Nd4 Bd7 52. Nc2+ Kf2 53. a4 bxa4 54. Kxc4 g1=Q 55. Nd4 Qc1+ 56. Kd3 Bf5+ 57. Nxf5 Qb1+ 58. Kd2 Qxf5 59. Kc3 0-1

[Event "*** Qualifier 3: Titled Tuesday 3|2 Blitz"]
[Site "Chess.com"]
[Date "2017.04.18"]
[Round "5"]
[White "mwpchess"]
[Black "Infernal_XaM"]
[Result "1/2-1/2"]
[WhiteElo "2400"]
[BlackElo "2692"]
[TimeControl "180+2"]
[EndTime "14:07:34 PDT"]
[Termination "Game drawn by agreement"]

1. c4 b6 2. e4 e5 3. g3 Nf6 4.
Bg2 Bb7 5. d3 Nc6 6. Ne2 Bb4+ 7.
Nbc3 h5 8. h3 h4 9. g4 Bxc3+ 10.
bxc3 d6 11. f4 Nd7 12. f5 g5 13. O-O f6 14. a4 Qe7 15. Be3 Na5 16. Nc1 O-O 17. Nb3 Nxb3 18. Qxb3 Nc5 19. Bxc5 dxc5 20. a5 Rfd8 21. Rfd1 Rd6 22. a6 Bc6 23. Bf1 Kg7 24. Be2 Rad8 25. Kf2 Be8 26. Rd2 Bf7 27. Rad1 Qd7 28.
Ke1 c6 29. Qa3 Qe7 30. Qb2 Qd7 31. Bf1 b5 32. cxb5 cxb5 33. d4 exd4 34. cxd4 cxd4 35.
Qxb5 Qe7 36. Bd3 Rb6 37. Qa5 Rd5 38. Qa4 Qe5 39. Kf1 Ra5 40. Qd7 Ra4 41. Qxa4 Qg3 42. Qd7 Qxh3+ 43. Ke1 Qg3+ 44. Kf1 Qf3+ 45. Ke1 Qg3+ 46.
Kf1 1/2-1/2

[Event "*** Qualifier 3: Titled Tuesday 3|2 Blitz"]
[Site "Chess.com"]
[Date "2017.04.18"]
[Round "5"]
[White "tigra"]
[Black "GulamaliRises"]
[Result "1-0"]
[WhiteElo "2614"]
[BlackElo "2452"]
[TimeControl "180+2"]
[EndTime "14:07:38 PDT"]
[Termination "tigra won by resignation"]

1. e4 c5 2. Nf3 d6 3. d4 cxd4 4.
Nxd4 Nf6 5. Nc3 a6 6. Bg5 Nbd7 7.
Qe2 h6 8. Bh4 g6 9. f4 e5 10.
O-O-O Be7 11. fxe5 dxe5 12. Nf3 Qc7 13. Qc4 Qb8 14.
Bxf6 Nxf6 15. Nd5 Nxd5 16. Qxd5 Bf6 17. Bc4 Be6 18. Qd3 Bxc4 19. Qxc4 O-O 20. Rd7 b5 21. Qc6 Bg7 22. Qd5 b4 23. Rb7 Qc8 24. Rf1 Rb8 25.
Rxb8 Qxb8 26. Rd1 Qb6 27. Rd2 Qe3 28. Kd1 g5 29. Qd3 Qf4 30. g3 Qg4 31. Qe2 Qe6 32.
b3 a5 33. Rd5 a4 34. bxa4 f5 35. Nd2 f4 36. a5 g4 37. a6 f3 38. Qc4 f2 39. Ke2 Qf7 40. Rc5 h5 41. a7 Qxc4+ 42.
Rxc4 Ra8 43. Rc7 Bf8 44. Rb7 Bd6 45. Nc4 1-0

[Event "*** Qualifier 3: Titled Tuesday 3|2 Blitz"]
[Site "Chess.com"]
[Date "2017.04.18"]
[Round "5"]
[White "biostatistician"]
[Black "RobertoJBM"]
[Result "0-1"]
[WhiteElo "2462"]
[BlackElo "2425"]
[TimeControl "180+2"]
[EndTime "14:07:39 PDT"]
[Termination "RobertoJBM won on time"]

1. d4 d5 2. Nf3 c6 3. c4 Nf6 4.
cxd5 cxd5 5. Nc3 Nc6 6. Bf4 Qb6 7. Na4 Qa5+ 8. Bd2 Qc7 9. Rc1 e6 10. e3 Bd6 11. Bb5 O-O 12. O-O Bd7 13. Nc5 Rfc8 14.
Qa4 Be8 15. Qb3 a6 16. Bxc6 Bxc6 17. Na4 Bxa4 18. Qxa4 Qd7 19. Qb3 Ne4 20. Bb4 Qb5 21. Bxd6 Qxb3 22. axb3 Nxd6 23. Ne5 Rxc1 24. Rxc1 Rc8 25.
Rxc8+ Nxc8 26. f3 Kf8 27. Kf2 Ke7 28. g4 f6 29. Nd3 b6 30. h4 Kd6 31. h5 Ne7 32.
Ke2 Nc6 33. Kd2 e5 34. Kc3 exd4+ 35. exd4 Na7 36. Nf4 Nb5+ 37. Kd3 Nc7 38. Nh3 Ne6 39. f4 Kc6 40. g5 f5 41. h6 g6 42. Ke3 Kb5 43. Nf2 Kb4 44. Nd3+ Kxb3 45. Ne5 Nf8 46. Nd7 Nxd7 0-1

[Event "*** Qualifier 3: Titled Tuesday 3|2 Blitz"]
[Site "Chess.com"]
[Date "2017.04.18"]
[Round "5"]
[White "maciek_92"]
[Black "GMHess"]
[Result "1-0"]
[WhiteElo "2536"]
[BlackElo "2508"]
[TimeControl "180+2"]
[EndTime "14:07:40 PDT"]
[Termination "maciek_92 won by checkmate"]

1. c3 e5 2. g3 d5 3. Bg2 Nf6 4. d4 e4 5. f3 h5 6. Bg5 Be7 7.
Nd2 exf3 8. exf3 c5 9. Ne2 Nc6 10. dxc5 Bxc5 11. Nb3 Bb6 12. Qd2 Be6 13. Nf4 Qe7 14.
O-O-O O-O-O 15. Rhe1 Qd7 16. Kb1 Kb8 17. Ka1 Ka8 18.
Nxe6 fxe6 19. Bh3 Rde8 20. c4 d4 21. c5 Bc7 22. Nxd4 Ba5 23. Qc1 Nxd4 24. Bxf6 gxf6 25. Re4 Rd8 26. Rexd4 Qxd4 27. Rxd4 Rxd4 28. a3 e5 29. Bf5 h4 30. g4 Bd2 31. Qc2 Kb8 32. h3 Ba5 33. Be4 Rc8 34. Qb3 Rc7 35. Qg8+ Rc8 36. Qf7 Bc7 37. Qxf6 Rd1+ 38. Ka2 Rh1 39. Qxh4 Rd8 40.
Qf2 Rxh3 41. Qf1 Rh2 42. Qb5 b6 43. Qc6 Kc8 44. Qb7+ Kd7 45. Bf5+ Ke8 46. Qxc7 Rdd2 47. Bg6+ Kf8 48. Qf7# 1-0

[Event "*** Qualifier 3: Titled Tuesday 3|2 Blitz"]
[Site "Chess.com"]
[Date "2017.04.18"]
[Round "5"]
[White "GianmarcoVaR"]
[Black "Schemato"]
[Result "1-0"]
[WhiteElo "2456"]
[BlackElo "2239"]
[TimeControl "180+2"]
[EndTime "14:07:47 PDT"]
[Termination "GianmarcoVaR won by resignation"]

1. c4 c5 2. Nc3 g6 3. g3 Bg7 4. Bg2 Nc6 5. d3 d6 6. Nf3 Nf6 7. O-O O-O 8. Bd2 a6 9. a3 Rb8 10. Rb1 b5 11. cxb5 axb5 12. b4 cxb4 13. axb4 Bd7 14. Qc1 Qb6 15. Bh6 Ra8 16. Bxg7 Kxg7 17. Qb2 Kg8 18. Rfc1 Ra6 19. Ra1 Rfa8 20. Rxa6 Qxa6 21.
h4 h5 22. Ng5 Ra7 23. Qb3 e6 24. Nce4 Ne8 25. Qc3 Qa3 26. Qxa3 Rxa3 27. Nxd6 Nxd6 28. Bxc6 Bxc6 29. Rxc6 Nf5 30. Rb6 Nd4 31. e3 Nc2 32.
Rxb5 Rxd3 33. Rb8+ Kg7 34. Rb7 Rb3 35. b5 Rb1+ 36.
Kh2 Rb2 37. Kg1 Rb1+ 38. Kg2 Ne1+ 39. Kh3 Nd3 40. Rxf7+ Kg8 41. Rf6 Kg7 42. Rxe6 Nxf2+ 43. Kg2 Ng4 44. b6 Rb2+ 45. Kf1 Rb3 46. e4 Ne3+ 47. Ke2 Nc4 48. Re7+ Kf6 49. Rf7+ Ke5 50. b7 Nd6 51. Re7+ Kd4 52. Ne6+ Kc4 53. Rc7+ 1-0

[Event "*** Qualifier 3: Titled Tuesday 3|2 Blitz"]
[Site "Chess.com"]
[Date "2017.04.18"]
[Round "5"]
[White "DanielNaroditsky"]
[Black "rasmussvane"]
[Result "0-1"]
[WhiteElo "2717"]
[BlackElo "2536"]
[TimeControl "180+2"]
[EndTime "14:07:53 PDT"]
[Termination "rasmussvane won on time"]

1. e4 c6 2. Nc3 d5 3. d4 dxe4 4.
Nxe4 Bf5 5. Ng3 Bg6 6. h4 h6 7.
Nf3 e6 8. Ne5 Bh7 9. Qh5 Qc7 10.
Bf4 Nf6 11. Qf3 Bd6 12. O-O-O Nbd7 13. Re1 Nd5 14. Nh5 Nxf4 15. Nxg7+ Ke7 16. Qxf4 Bxe5 17.
Rxe5 Nxe5 18. dxe5 Raf8 19. Bc4 Kd7 20. Rd1+ Kc8 21. Rd6 h5 22. Nxh5 Bxc2 23. Kxc2 Rxh5 24. Bxe6+ Kb8 25. Bh3 Re8 26. Rd7 Qxe5 27. Rxf7 Qxf4 28. Rxf4 Rd5 29. Bg4 b5 30. b4 a5 31. Bf3 Rd6 32. bxa5 Ka7 33. h5 Ka6 34. g4 Re5 35. Be4 Kxa5 36.
f3 Kb4 37. Bxc6+ Ka3 38. Be4 Rc5+ 0-1